 Dungeon Crawl Stone Soup version 0.26-a0-682-g294304f6e8 (webtiles) character file.

Game seed: 8526459420501033190

1850 Radels the Fighter (level 8, 57/63 HPs)
             Began as a Demonspawn Gladiator on Oct 16, 2020.
             Was a Believer of Uskayaw.
             Quit the game on level 7 of the Dungeon on Oct 20, 2020.
             The game lasted 00:21:23 (6428 turns).

Radels the Fighter (Demonspawn Gladiator)           Turns: 6428, Time: 00:21:24

Health: 57/63      AC: 13    Str: 15    XL:     8   Next: 88%
Magic:  19/19      EV: 14    Int: 17    God:    Uskayaw [**....]
Gold:   208        SH:  0    Dex: 15    Spells: 7/7 levels left

rFire    . . .     SeeInvis .   B - +7 whip "Weubymed" {freeze, Int+7 Dex-3}
rCold    . . .     Faith    .   (no shield)
rNeg     . . .     Spirit   .   O - +3 leather armour {rPois}
rPois    +         Reflect  .   c - +0 helmet
rElec    .         Harm     .   (no cloak)
rCorr    .         Rampage  .   v - +0 pair of gloves
MR       .....                  I - +0 pair of boots
Stlth    ++........             (no amulet)
HPRegen  0.20/turn              u - ring of magical power
MPRegen  0.16/turn              r - +4 ring of protection

@: no status effects
A: hooves 1, thin skeletal structure 1, demonic guardian 1, frail 1, poison
resistance, spiny 1, MP-powered wands
a: Stomp, Line Pass, Renounce Religion


You were on level 7 of the Dungeon.
You worshipped Uskayaw.
Uskayaw was noncommittal.
You visited 1 branch of the dungeon, and saw 7 of its levels.

You collected 502 gold pieces.
You spent 294 gold pieces at shops.

Inventory:

Hand Weapons
 a - a +0 rapier
 j - a +1 antimagic dagger
 y - a +0 dagger of draining
 B - the +7 whip "Weubymed" (weapon) {freeze, Int+7 Dex-3}
   (You took it off an orc wizard on level 5 of the Dungeon)

   It has been specially enchanted to freeze those struck by it, causing extra
   injury to most foes and up to half again as much damage against particularly
   susceptible opponents.
   It can also slow down cold-blooded creatures.
   It affects your intelligence (+7).
   It affects your dexterity (-3).
Missiles
 d - 3 throwing nets
 G - 3 boomerangs of dispersal (quivered)
Armour
 b - a +0 leather armour
 c - a +0 helmet (worn)
 m - a +0 ring mail
 v - a +0 pair of gloves (worn)
 I - a +0 pair of boots (worn)
 M - a +2 leather armour of magic resistance
 O - a +3 leather armour of poison resistance (worn)
Jewellery
 l - an uncursed ring of ice
 n - an uncursed ring of protection from cold {unknown}
 r - a +4 ring of protection (right hand)
 t - an uncursed ring of wizardry
 u - a ring of magical power (left hand)
 x - an uncursed ring of magical power
 F - a cursed ring of teleportation {unknown}
Wands
 H - a wand of paralysis (9)
 N - a wand of random effects (11)
Scrolls
 e - 3 scrolls of identify
 f - 7 scrolls of teleportation
 g - 5 scrolls of remove curse {unknown}
 k - 2 scrolls of enchant weapon {unknown}
 o - 2 scrolls of magic mapping {unknown}
 q - 2 scrolls of blinking {unknown}
 w - a scroll of amnesia {unknown}
 C - a scroll of noise {unknown}
 E - 2 scrolls of enchant armour {unknown}
 L - a scroll of immolation {unknown}
 P - a scroll of random uselessness {unknown}
Potions
 h - 2 potions of berserk rage
 i - a potion of heal wounds
 p - a potion of magic
 s - a potion of haste {unknown}
 z - 2 potions of lignification {unknown}
 A - 2 potions of flight {unknown}
 D - a potion of degeneration {unknown}
 J - a potion of curing {unknown}
 K - a potion of cancellation {unknown}


   Skills:
 + Level 9.1 Fighting
 - Level 5.0 Short Blades
 - Level 2.0 Throwing
 + Level 2.7 Armour
 + Level 4.0 Dodging
 - Level 0.1 Stealth
 + Level 3.6 Invocations


You had 7 spell levels left.
You didn't know any spells.
Your spell library contained the following spells:

 Spells                   Type           Power        Failure   Level
 Magic Dart               Conj           #...         28%         1
 Blink                    Tloc           N/A          41%         2
 Call Imp                 Summ           #.......     41%         2
 Slow                     Hex            #.......     41%         2
 Conjure Flame            Conj/Fire      #.......     65%         3
 Mephitic Cloud           Conj/Pois/Air  #.......     65%         3


Dungeon Overview and Level Annotations

Branches:
Dungeon (7/15)
 Temple: D:4-7

Altars:
Cheibriados
Dithmenos
Elyvilon
Hepliaklqana
Makhleb
Okawaru
Qazlal
Uskayaw
The Shining One

Shops:
D:7 [


Innate Abilities, Weirdness & Mutations

You have large cloven feet.
You have a somewhat thin skeletal structure. (Dex +2, Stealth)
A weak demonic guardian rushes to your aid.
You are partially covered in sharp spines.
You are frail. (-10% HP)
Your system is resistant to poisons. (rPois)
You expend magic power (3 MP) to strengthen your wands.


Message History

You barely miss the orc.
The orc is severely wounded.
The orc hits you but does no damage.
You whack the orc! You freeze the orc.
You kill the orc!
Items here: ( ) [ †.
Unknown command.
Save game and exit?
Welcome back, Radels the Demonspawn Gladiator.
Uskayaw says: Surrender yourself to the rhythm!
Press ? for a list of commands and other information.
Welcome back, Radels the Demonspawn Gladiator.
Uskayaw says: Surrender yourself to the rhythm!
Press ? for a list of commands and other information.
Unknown command.
Are you sure you want to abandon this character and quit the game? (Confirm with "yes".)
Okay, then.
Unknown command.
Okay, then.
Are you sure you want to abandon this character and quit the game? (Confirm with "yes".)

....# .. .. #.... ....#
.# #.... ....# # #....
....# #. #.... ....# +.
#.... ....##### #.. ##
#.... ........#
#..#######..# #....
........#####...........#
............#...@)......#
+###.<......#..##[)##...
+........#####'#######
#........#...........#
#.......)#...........#
###+#..))##'##..##...#
#........#### +##
###+#....# #....#


There were no monsters in sight!

Vanquished Creatures
  Prince Ribbit (D:5)
  An orc warrior (D:7)
  An ice beast (D:5)
  2 ogres
  A centaur (D:5)
  3 big kobolds (D:6)
  2 bullfrogs (D:6)
  A scorpion (D:4)
  A bullfrog zombie (D:5)
  3 orc priests
  A centaur skeleton (D:6)
  4 hounds
  Crazy Yiuf (D:3)
  Jessica (D:2)
  An iguana (D:5)
  5 orc wizards
  Natasha (thrice) (D:3)
  A worker ant (D:5)
  6 adders
  2 white imps
  An ufetubus (D:5)
  An ooze (D:2)
  An adder skeleton (D:3)
  5 worms
  2 dart slugs
  A leopard gecko (D:5)
  31 orcs
  8 giant cockroaches
  6 goblins
  9 hobgoblins
  7 jackals
  A quokka (D:4)
  7 bats
  4 frilled lizards
  A jackal skeleton (D:4)
  13 kobolds
  A leopard gecko skeleton (D:4)
  A leopard gecko zombie (D:5)
  8 rats
149 creatures vanquished.

Vanquished Creatures (collateral kills)
  A black bear (D:6)
  A bullfrog (D:6)
  A howler monkey (D:6)
  A kobold (D:6)
4 creatures vanquished.

Vanquished Creatures (others)
  A fungus (D:3)
  3 toadstools (D:1)
4 creatures vanquished.

Grand Total: 157 creatures vanquished

Notes
Turn   | Place    | Note
-------+----------+-------------------------------------------
     0 | D:1      | Radels the Demonspawn Gladiator began the quest for the
                  | Orb.
     0 | D:1      | Reached XP level 1. HP: 16/16 MP: 1/1
   418 | D:1      | Gained mutation: You are partially covered in sharp spines.
                  | [demonic ancestry]
   418 | D:1      | Reached XP level 2. HP: 22/22 MP: 2/2
  1283 | D:2      | Gained mutation: You have a somewhat thin skeletal
                  | structure. (Dex +2, Stealth) [demonic ancestry]
  1283 | D:2      | Reached XP level 3. HP: 28/28 MP: 1/3
  1336 | D:2      | Noticed Jessica
  1347 | D:2      | Killed Jessica
  1347 | D:2      | Reached skill level 3 in Fighting
  1460 | D:2      | Reached XP level 4. HP: 31/35 MP: 1/4
  1684 | D:2      | Reached skill level 4 in Fighting
  1986 | D:3      | Gained mutation: You expend magic power (3 MP) to
                  | strengthen your wands. [potion of mutation]
  1986 | D:3      | Gained mutation: You are frail. (-10% HP) [potion of
                  | mutation]
  1986 | D:3      | Gained mutation: Your system is resistant to poisons.
                  | (rPois) [potion of mutation]
  2061 | D:3      | Noticed Natasha
  2071 | D:3      | Killed Natasha
  2119 | D:3      | Gained mutation: You have large cloven feet. [demonic
                  | ancestry]
  2119 | D:3      | Reached XP level 5. HP: 30/38 MP: 4/5
  2288 | D:3      | Reached skill level 5 in Fighting
  2516 | D:3      | Noticed Natasha
  2520 | D:3      | Found a glowing golden altar of the Shining One.
  2527 | D:3      | Killed Natasha
  2900 | D:3      | Noticed Natasha
  2914 | D:3      | Killed Natasha
  2914 | D:3      | Gained mutation: A weak demonic guardian rushes to your
                  | aid. [demonic ancestry]
  2914 | D:3      | Reached XP level 6. HP: 40/46 MP: 5/6
  3047 | D:3      | Found a runed translucent door.
  3048 | D:3      | Noticed Crazy Yiuf
  3067 | D:3      | Killed Crazy Yiuf
  3067 | D:3      | Reached skill level 6 in Fighting
  3455 | D:4      | Found an iron altar of Okawaru.
  3570 | D:4      | Found a burning altar of Makhleb.
  3948 | D:5      | Entered Level 5 of the Dungeon
  4147 | D:5      | Identified the +7 whip "Weubymed" {freeze, Int+7 Dex-3}
  4234 | D:5      | Reached XP level 7. HP: 52/52 MP: 7/7
  4296 | D:5      | Found a stormy altar of Qazlal.
  4301 | D:5      | Noticed Prince Ribbit
  4505 | D:5      | Reached skill level 5 in Short Blades
  4508 | D:5      | Found a shadowy altar of Dithmenos.
  4604 | D:5      | Reached skill level 7 in Fighting
  4756 | D:5      | Killed Prince Ribbit
  4822 | D:5      | Reached XP level 8. HP: 61/61 MP: 8/8
  4968 | D:5      | Found a faded altar of an unknown god.
  4968 | D:5      | Found a hide-covered altar of Uskayaw.
  4974 | D:5      | Found a white marble altar of Elyvilon.
  4977 | D:5      | Found a hazy altar of Hepliaklqana.
  4979 | D:5      | Found a shadowy altar of Dithmenos.
  4986 | D:5      | Became a worshipper of Uskayaw the Reveler
  5034 | D:5      | Reached skill level 8 in Fighting
  5034 | D:5      | Reached * piety under Uskayaw
  5160 | D:6      | Reached ** piety under Uskayaw
  5222 | D:6      | Found a snail-covered altar of Cheibriados.
  5254 | D:6      | Reached *** piety under Uskayaw
  5257 | D:6      | Reached skill level 1 in Armour
  5258 | D:6      | Reached **** piety under Uskayaw
  5259 | D:6      | Reached skill level 1 in Invocations
  5900 | D:6      | Reached skill level 9 in Fighting
  6191 | D:7      | Found Roibb's Armour Shoppe.
  6207 | D:7      | Bought a +3 leather armour of poison resistance for 294
                  | gold pieces
  6428 | D:7      | Upgraded the game from 0.26-a0-667-g92642533e4 to
                  | 0.26-a0-682-g294304f6e8
  6428 | D:7      | Quit the game

Illustrated notes

Levels and vault maps discovered:
D:1:      minmay_arrival_stair_chambers, layout_basic, minmay_gold_behind_fungi
D:2:      wander_river, layout_basic, serial_glass, glass_columns_b,
          glass_columns_b, feat_on_display, due_unseen_surprise,
          feat_on_display, uniq_jessica
D:3:      layout_basic, lemuel_crystal_altar, uniq_crazy_yiuf_cottage,
          uniq_natasha
D:4:      layout_basic, okawaru_altar_gauntlet_db, kennysheep_mini,
          nicolae_underground_beach
D:5:      layout_loops_ring, grunt_qazlal_sundering,
          chequers_temple_overflow_minitemple, hangedman_glass_teeth,
          corexii_leaking_fountain, nicolae_dithmenos_shadow_blocks,
          uniq_prince_ribbit1
D:6:      layout_gridville, cheibriados_altar_1, minmay_unpleasant_kobolds
D:7:      layout_gridville, minmay_temple_entry_large_hall, serial_shops, shop,
          uniq_harold

Skill      XL: |  1  2  3  4  5  6  7  8 |
---------------+-------------------------+-----
Dodging        | 3 4 |  4.0
Short Blades   | 3 4 5 |  5.0
Throwing       | 2 |  2.0
Fighting       | 3 4 5 6 7 9 |  9.1
Armour         | 2 |  2.7
Invocations    | 3 |  3.6
Stealth        | |  0.1

Action                   |  1- 3 |  4- 6 |  7- 9 || total
-------------------------+-------+-------+-------++-------
Melee: Rapier            |    18 |       |       ||    18
       Dagger            |    47 |   209 |       ||   256
       Kick              |       |    56 |    16 ||    72
       Whip              |       |     3 |    97 ||   100
Throw: Boomerang         |    15 |    34 |     3 ||    52
       Throwing net      |       |     4 |       ||     4
Invok: Stomp             |       |       |     1 ||     1
  Use: Scroll            |       |     5 |       ||     5
       Potion            |       |     1 |       ||     1
 Stab: Sleeping          |       |     4 |     1 ||     5
       Paralysed         |       |       |     3 ||     3
       Distracted        |       |       |     1 ||     1
Armor: Leather armour    |     7 |       |    10 ||    17
       Ring mail         |     4 |    62 |    37 ||   103
Dodge: Dodged            |    28 |   109 |    76 ||   213

Table legend: (Time is in decaauts)
 A = Elapsed time spent in this place.
 B = Non-inter-level travel time spent in this place.
 C = Inter-level travel time spent in this place.
 D = Time resting spent in this place.
 E = Time spent auto-exploring this place.
 F = Levels seen in this place.
 G = Mean time per level.
                   A        B        C        D        E       F      G
               +--------+--------+--------+--------+--------+-----+--------+
         Total |   6420 |   6011 |    409 |    259 |   4675 |   7 |  917.1 |
       Dungeon |   6420 |   6011 |    409 |    259 |   4675 |   7 |  917.1 |
               +--------+--------+--------+--------+--------+-----+--------+

Top non-repeatable levels by time:
     D:5: 1170 daAuts
     D:3: 1106 daAuts
     D:6: 1064 daAuts
     D:1: 1028 daAuts
     D:2: 979 daAuts
     D:4: 825 daAuts
     D:7: 245 daAuts
